cohdb
Replays
Latest Replays
All Replays
Popular Replays
Top Player Replays
Match Explorer
How It Works
Community
CoH3 Stats
Reddit
Sign in to upload your games and track your stats! →
Sign in with Steam
Match 42901239
Unlisted
Match 42901239
Overview
Messages
Build Orders
End
Construct Barracks
Engineer Squad
Riflemen Squad
Riflemen Squad
Construct Weapon Support Center
Grenade Package
M1919 Machine Gun Team
Construct Medical Station
Selects Heavy Weapons
Selects M2HB .50cal Heavy Machine Gun
M1919 Machine Gun Team
Selects Assault Carriers
Selects Halftrack Strongpoints
Mechanized Support Center
M3 Assault Carrier
Riflemen Squad
Riflemen Squad
Construct Tank Depot
M18 Hellcat Tank Destroyer
Designate Forward Repair Station
Engineer Squad
Selects M26 Pershing Heavy Tank
Riflemen Squad
M26 Pershing Heavy Tank
Engineer Squad
Improvised Armor
M18 Hellcat Tank Destroyer
Designate Forward Repair Station
Riflemen Squad
Rapid Repairs
Engineer Squad
Selects Rapid Reposition
Salvage Crew
Riflemen Squad
Riflemen Squad
Nukepapa
YOUR REAL FATHER
Zeh Lothiack
[H-Break´Z] TestoBoy
0
0
Comments
sign in to comment!
No comments posted yet!